 Dungeon Crawl Stone Soup version 0.18.1-50-g88ac8fd (webtiles) character file.

9 epen the Insei (level 2, -2/21 HPs)
             Began as a Demonspawn Transmuter on Aug 20, 2017.
             Succumbed to a goblin's poison
             ... on level 1 of the Dungeon.
             The game lasted 00:00:52 (658 turns).

epen the Insei (Demonspawn Transmuter)               Turns: 658, Time: 00:00:53

Health: -2/21      AC:  2    Str: 10    XL:     2   Next: 3%
Magic:  5/5        EV: 12    Int: 14    God:
Gold:   44         SH:  0    Dex: 13    Spells: 1 memorised, 4 levels left

rFire  . . .     SeeInvis .       - Unarmed
rCold  . . .     Gourm    .     b - +0 robe
rNeg   . . .     Faith    .     (no shield)
rPois  .         Spirit   .     (no helmet)
rElec  .         Dismiss  .     (no cloak)
rCorr  .         Reflect  .     (no gloves)
SustAt .         Harm     .     (no boots)
MR     .....                    (no amulet)
Stlth  ++........               (no ring)
                                j - ring of flight

@: lethally poisoned (-2 -> -42), not resistant to hostile enchantments,
unstealthy
A: nightstalker 1
a: Evoke Flight


You were on level 1 of the Dungeon.
You were not hungry.

You visited 1 branch of the dungeon, and saw 1 of its levels.

You collected 44 gold pieces.

Inventory:

Missiles
 a - 31 arrows
Armour
 b - a +0 robe (worn)
Jewellery
 j - a ring of flight (left hand)
Potions
 i - a potion of brilliance
Books
 c - a book of Changes

   Spells                             Type                      Level
   a - Beastly Appendage              Transmutation                1
   b - Sticks to Snakes               Transmutation                2
   c - Spider Form                    Transmutation/Poison         3
   d - Ice Form                       Ice/Transmutation            4
   e - Blade Hands                    Transmutation                5
Comestibles
 d - 3 bread rations
 f - a meat ration
 g - a slice of pizza


   Skills:
 + Level 1.0 Fighting
 + Level 1.8 Dodging
 * Level 3.0 Unarmed Combat
 + Level 2.0 Spellcasting
 + Level 2.0 Transmutations


You had 4 spell levels left.
You knew the following spells:

 Your Spells              Type           Power        Failure   Level  Hunger
a - Beastly Appendage     Trmt           #.....       12%         1    ##.....


Dungeon Overview and Level Annotations

Branches:
Dungeon (1/15)

Altars:


Innate Abilities, Weirdness & Mutations

You are slightly more attuned to the shadows.


Message History

You closely miss the goblin. The goblin hits you but does no damage.
You are lethally poisoned!
A rat comes into view.
You closely miss the goblin.
You feel sick.
The goblin hits you with a dagger of venom.
You are more poisoned.
You barely miss the goblin.
You feel sick. The goblin closely misses you.
You barely miss the goblin.
* * * LOW HITPOINT WARNING * * *
You feel sick. The goblin barely misses you.
You hit the goblin but do no damage.
* * * LOW HITPOINT WARNING * * *
You feel sick. The goblin hits you but does no damage.
You are more poisoned.
You closely miss the goblin.
* * * LOW HITPOINT WARNING * * *
You feel sick. The goblin hits you but does no damage.
You are more poisoned.
You closely miss the goblin.
You die...

..###*,*,***,*****,,,*,**,,,*
*,, ....#*,,,.,*,##
*****,**,,,***,,
....#**#.#.*..# *,*,,*,,*,,*
.#..## #.#.*#[# *,*,***,*,**
#....###.#.#*.### *,,,* *,,,*
......##.#..#...# *,,** **,**
.......#.##..##.# *,,* *,*
#.#.##.#.###..#.## *,** ***
....##........r.@#** *,*
...######.##.#...g.# *,*
..##*** #.##.###.#.# *,*
.##,,,* #.##..,....#**,*
##***,**#.#.........**,*
#****,,,....#######..,,*
*,,,,,,,...********.##**
,,******#..,,,,,,,,,,** ,,*
*,*********,,,*


You could see a goblin and a rat.

Vanquished Creatures
  A giant cockroach (D:1)
  2 goblins (D:1)
  2 hobgoblins (D:1)
  A kobold (D:1)
  A rat (D:1)
7 creatures vanquished.

Notes
Turn   | Place    | Note
--------------------------------------------------------------
     0 | D:1      | epen the Demonspawn Transmuter began the quest for the Orb.
     0 | D:1      | Reached XP level 1. HP: 15/15 MP: 3/3
   556 | D:1      | Reached skill level 3 in Unarmed Combat
   565 | D:1      | Gained mutation: You are slightly more attuned to the shadows. [demonic ancestry]
   565 | D:1      | Reached XP level 2. HP: 16/21 MP: 5/5
   657 | D:1      | HP: 1/21 [poisoned by a goblin]
   658 | D:1      | Succumbed to a goblin's poison

Skill      XL: |  1 |
---------------+----+-----
Transmutations | 2 |  2.0
Unarmed Combat | 3 |  3.0
Fighting       | |  1.0
Dodging        | |  1.8
Spellcasting   | |  2.0

Action                   || total
-------------------------++-------
Melee: Unarmed           ||    55
  Use: Scroll            ||     3
 Stab: Sleeping          ||     1
Armor: Robe              ||     7
Dodge: Dodged            ||    31
